 Dungeon Crawl Stone Soup version 0.30.1-11-g7821555f0a (webtiles) character file.

Game seed: 15735476815594356226

990 Gumption the Cleaver (level 7, 0/63 HPs)
             Began as a Minotaur Berserker on Nov 5, 2023.
             Was a Believer of Trog.
             Slain by an ogre
             ... wielding a +0 giant club
              (12 damage)
             ... on level 6 of the Dungeon.
             The game lasted 00:30:45 (4987 turns).

Gumption the Cleaver (Minotaur Berserker)           Turns: 4987, Time: 00:30:46

Health: 0/63       AC: 10    Str: 27    XL:     7   Next: 98%
Magic:  6/6        EV:  9    Int:  4    God:    Trog [**....]
Gold:   323        SH:  4    Dex: 12    Spells: 6/6 levels left

rFire   . . .        a - +0 war axe
rCold   + . .        q - +0 buckler
rNeg    . . .        r - +0 chain mail
rPois   .            (helmet restricted)
rElec   .            (no cloak)
rCorr   .            (no gloves)
SInv    .            (no boots)
Will    ++...        (no amulet) Stlth
                     c - ring of protection from cold
HPRegen 1.30/turn    h - ring "Atedeg" {Wiz +Blink Str+3 Dex+3}
MPRegen 0.10/turn

%: wizardry (x1)
@: strong-willed, regenerating
A: horns 2, retaliatory headbutt
a: Renounce Religion, Evoke Blink, Berserk, Trog's Hand


You were on level 6 of the Dungeon.
You worshipped Trog.
Trog was pleased with you.
You visited 1 branch of the dungeon, and saw 6 of its levels.

You collected 323 gold pieces.

Inventory:

Hand Weapons
 a - a +0 war axe (weapon)
 w - a +2 falchion of flaming
 B - a +0 war axe
Missiles
 t - 6 boomerangs (quivered)
 x - 4 poisoned darts
 C - 3 silver boomerangs
Armour
 q - a +0 buckler (worn)
 r - a +0 chain mail (worn)
Jewellery
 c - a ring of protection from cold (left hand)
 f - a +5 ring of evasion
 h - the ring "Atedeg" (right hand) {Wiz +Blink Str+3 Dex+3}
   (You found it on level 5 of the Dungeon)

   [ring of wizardry]

   It improves your spell success rate.
   Str:       It affects your strength (+3).
   Dex:       It affects your dexterity (+3).
   +Blink:    It lets you blink.
 j - a +6 ring of strength
Scrolls
 d - a scroll of enchant weapon {unknown}
 e - a scroll of blinking
 g - a scroll of vulnerability {unknown}
 i - a scroll of butterflies {unknown}
 m - a scroll of torment {unknown}
 n - a scroll of noise {unknown}
 o - 2 scrolls of fog {unknown}
 p - a scroll of teleportation
 s - a scroll of poison
 y - 3 scrolls of fear
 D - a scroll of immolation {unknown}
 E - a scroll of identify
Potions
 b - 2 potions of haste
 k - 3 potions of curing
 l - a potion of mutation
 u - 3 potions of lignification
 v - a potion of cancellation
 z - a potion of magic {unknown}
 A - a potion of might {unknown}


   Skills:
 + Level 6.2 Fighting
 * Level 8.2 Axes
 + Level 5.6 Armour
 - Level 2.1 Dodging
 + Level 3.5 Shields


You had 6 spell levels left.
You didn't know any spells.
Your spell library was empty.

Dungeon Overview and Level Annotations

Branches:
Dungeon (6/15)             Temple (0/1) D:5

Altars:
Cheibriados
Elyvilon
Hepliaklqana
Makhleb
Ru
Sif Muna
Vehumet
Wu Jian
Xom
Zin

Shops:
D:4 [   D:6 =


Innate Abilities, Weirdness & Mutations

You have a pair of horns on your head.
You reflexively headbutt those who attack you in melee.


Message History

You headbutt the white imp, but do no damage.
You slash the white imp! Your headbutt misses the white imp.
The white imp is heavily wounded.
The white imp hits you but does no damage.
You hit the white imp but do no damage.
You headbutt the white imp, but do no damage.
The white imp is heavily wounded.
The white imp barely misses you.
You slash the white imp!
You kill the white imp!
Trog accepts your kill.
Things that are here:
a +0 shortbow; a centaur corpse
Found a flail.
Found Akkoigyx's One-of-a-Kind Rings.
You start resting.
HP restored.
Found a scroll of fear.
E - a scroll of identify You now have 323 gold pieces (gained 14).
Found a stone staircase leading down.
Found 9 gold pieces.
y - 3 scrolls of fear (gained 1)
An ogre comes into view. It is wielding a +0 giant club.
The ogre hits you with a +0 giant club!
You hit the ogre but do no damage. You slash the ogre!
The ogre is moderately wounded.
The ogre hits you with a +0 giant club!
You barely miss the ogre. You headbutt the ogre.
The ogre is moderately wounded.
The ogre hits you with a +0 giant club!!
Found a book of Minor Magic.
You see here 9 gold pieces.
Your skin crawls.
You feel strong-willed. The ogre attacks as you move away!
The ogre hits you with a +0 giant club!!
* * * LOW HITPOINT WARNING * * *
The ogre attacks as you move away! The ogre hits you with a +0 giant club!
You die...

##############
#............#
#............#
#..:.........#
#............#
#............#
#......O@....####
#...#####........
#...# #...#######
#...# #$###
###...###.#
#.........#
#....>....#
#.........#
###.........##
#........#


You could see an ogre.

Vanquished Creatures
  Edmund (D:4)
  A centaur (D:6)
  2 ogres
  A phantom (D:4)
  A bullfrog (D:5)
  A scorpion (D:6)
  A hound (D:5)
  2 orc priests (D:4)
  A sleepcap (D:5)
  Natasha (twice) (D:4)
  An orc wizard (D:4)
  An iguana (D:3)
  4 gnolls (D:2)
  4 adders
  2 white imps (D:6)
  An ufetubus (D:5)
  2 dart slugs
  19 orcs
  8 ball pythons
  4 bats
  6 endoplasms
  2 giant cockroaches
  4 goblins
  7 hobgoblins
  11 jackals
  3 quokkas
  5 kobolds
  5 rats
102 creatures vanquished.

Notes
Turn   | Place    | Note
-------+----------+-------------------------------------------
     0 | D:1      | Gumption the Minotaur Berserker began the quest for the
                  | Orb.
     0 | D:1      | Reached XP level 1. HP: 19/19 MP: 0/0
   205 | D:1      | Reached skill level 4 in Axes
   206 | D:1      | Reached XP level 2. HP: 27/27 MP: 1/1
   977 | D:2      | Reached XP level 3. HP: 33/33 MP: 2/2
  1200 | D:2      | Reached ** piety under Trog
  1229 | D:2      | Reached skill level 5 in Axes
  1229 | D:2      | Reached XP level 4. HP: 40/40 MP: 3/3
  1680 | D:3      | Noticed an ogre
  1804 | D:3      | Killed an ogre
  1805 | D:3      | Reached XP level 5. HP: 47/47 MP: 4/4
  2063 | D:3      | You fall into a shaft and drop 3 floors!
  2096 | D:6      | Found an ornate altar of the Wu Jian Council.
  2112 | D:6      | Reached skill level 6 in Axes
  2120 | D:6      | Reached skill level 5 in Fighting
  2120 | D:6      | Reached skill level 1 in Shields
  2120 | D:6      | Reached XP level 6. HP: 56/56 MP: 5/5
  2140 | D:5      | Entered Level 5 of the Dungeon
  2141 | D:5      | Found a staircase to the Ecumenical Temple.
  2152 | D:5      | Found a white marble altar of Elyvilon.
  2580 | D:4      | Found a sacrificial altar of Ru.
  2598 | D:4      | Found a shimmering blue altar of Sif Muna.
  2717 | D:4      | Found a shimmering altar of Xom.
  2717 | D:4      | Noticed an angel
  2720 | D:4      | Found a glowing silver altar of Zin.
  2721 | D:4      | Reached *** piety under Trog
  2766 | D:4      | Reached skill level 7 in Axes
  2843 | D:4      | Found a radiant altar of Vehumet.
  2843 | D:4      | Found a hazy altar of Hepliaklqana.
  2847 | D:4      | Found a burning altar of Makhleb.
  2929 | D:4      | Noticed Edmund
  2940 | D:4      | Killed Edmund
  2941 | D:4      | Reached skill level 5 in Armour
  2941 | D:4      | Reached XP level 7. HP: 62/62 MP: 6/6
  3066 | D:4      | Noticed Natasha
  3068 | D:4      | Found Daehiz's Antique Armour Boutique.
  3087 | D:4      | Killed Natasha
  3376 | D:4      | Noticed Natasha
  3382 | D:4      | Killed Natasha
  3435 | D:4      | Found a snail-covered altar of Cheibriados.
  4204 | D:5      | Identified the ring "Atedeg" {Wiz +Blink Str+3 Dex+3}
  4405 | D:5      | Reached skill level 8 in Axes
  4899 | D:6      | Found Akkoigyx's One-of-a-Kind Rings.
  4987 | D:6      | Slain by an ogre

Illustrated notes

Levels and vault maps discovered:
D:1:      dpeg_arrival_leaves_temple_mockup, layout_loops_ring,
          minmay_misc_feat_nine_boxes
D:2:      layout_loops_ring
D:3:      layout_rooms
D:4:      layout_basic, grunt_temple_overflow_order_and_chaos_1,
          nicolae_sif_muna_condensation, mainiacjoe_overflow_alcove_1,
          cheibriados_altar_1, minitemple, serial_shops,
          nicolae_shop_advertising_works [nicolae_subvault_shop_adworks],
          uniq_edmund, uniq_natasha
D:5:      layout_gridville, mainiacjoe_overflow_paths,
          minmay_temple_entry_gardened_gates
D:6:      layout_basic, mainiacjoe_overflow_concentric_impassable,
          okawaru_altar_gauntlet_db, mainiacjoe_overflow_brackets, serial_shops,
          nicolae_shop_bloodbath_and_beyond, nicolae_shop_unique_rings

Skill      XL: |  1  2  3  4  5  6  7 |
---------------+----------------------+-----
Axes           | 4 5 6 7 8 |  8.2
Fighting       | 4 5 6 |  6.2
Armour         | 3 4 5 |  5.6
Shields        | 1 2 3 |  3.5
Dodging        | |  2.1

Action                     |  1- 3 |  4- 6 |  7- 9 || total
---------------------------+-------+-------+-------++-------
  Melee: Hand axe          |    74 |   119 |    16 ||   209
         Headbutt          |     7 |    19 |     9 ||    35
         War axe           |       |       |    38 ||    38
  Throw: Boomerang         |       |     4 |       ||     4
 Invoke: Berserk           |       |     2 |       ||     2
         Trog's Hand       |       |     1 |     2 ||     3
    Use: Scroll            |       |       |    11 ||    11
 Armour: Ring mail         |    22 |    15 |       ||    37
         Chain mail        |       |    16 |    16 ||    32
  Dodge: Dodged            |    59 |    77 |    37 ||   173
  Block: Buckler           |       |     4 |    10 ||    14
